AoeStats
← 一剑扫秋风nelson

Nomad

508388383Analyzed
3v3 RM · 10d ago on Sep 22, 2026· 40m 45s· 6 players
Game mode
Random Map
Map size
210×210
Population
200
Speed
Normal
Resources
Standard
Victory
Conquest
Starting age
Dark Age
Ending age
Imperial Age
RankedLock teamsTeams togetherTeam positionsShared explorationLock speedFull tech treeHidden civsTurbo modeCheats
Victory
Defeat
🇦🇺 Malay · Australia
2093
+8
🇨🇳 Malians · China
1943
+13
🇲🇦 Jurchens · Morocco
1837
+16
🇻🇳 Cumans · Vietnam
1903
-13
🇻🇳 Shu · Vietnam
1891
-13
🇻🇳 Bulgarians · Vietnam
1829
-11
一剑扫秋风nelson
4:57 Loom
12:59 Feudal Age
13:32 Man-at-Arms
14:43 Arson
21:57 Castle Age
21:15 Horse Collar
24:18 Heavy Plow
34:06 Imperial Age
33:23 Fletching
33:27 Town Watch
34:18 Wheelbarrow
34:55 Ballistics
33:57 Elite Skirmisher
34:50 Bodkin Arrow
35:37 Padded Archer Armor
36:10 Double-Bit Axe
36:48 Leather Archer Armor
38:20 Ring Archer Armor
38:57 Conscription
40:15 Chemistry
39:11 Pikeman
40:28 Scale Mail Armor
40:51 Squires
STORM | Noszombie
15:41 Feudal Age
15:23 Fishing Lines
16:05 Loom
18:46 Castle Age
17:03 Double-Bit Axe
17:34 Scale Barding Armor
18:54 Bow Saw
24:23 Gillnets
25:08 Light Cavalry
26:23 Husbandry
27:32 Wheelbarrow
26:42 Town Watch
28:07 Horse Collar
29:42 Forging
30:41 Heavy Plow
36:35 Imperial Age
34:28 Medium Warships
35:19 Devotion
35:52 Elite Battle Elephant
37:52 Iron Casting
38:05 Heavy Warships
HaraKiri
9:01 Loom
13:32 Feudal Age
14:25 Double-Bit Axe
23:42 Castle Age
21:39 Fishing Lines
23:08 Town Watch
24:38 Medium Warships
24:39 Bow Saw
25:13 Wheelbarrow
28:27 Forging
28:44 Horse Collar
32:59 Scale Barding Armor
33:34 Iron Casting
34:59 Chain Barding Armor
36:30 Bloodlines
36:20 Husbandry
40:03 Imperial Age
38:16 Fletching
38:48 Ballistics
38:39 Masonry
38:09 Treadmill Crane
39:33 Bodkin Arrow
40:52 Bracer
40:56 Heavy Plow
ĐLucky
5:03 Loom
12:59 Feudal Age
17:09 Castle Age
23:48 Double-Bit Axe
26:24 Bow Saw
26:05 Fletching
26:58 Horse Collar
28:18 Bodkin Arrow
30:57 Wheelbarrow
35:44 Imperial Age
34:11 Padded Archer Armor
35:02 Bloodlines
35:28 Ballistics
37:35 Chemistry
37:24 Town Watch
38:14 Leather Archer Armor
38:45 Scale Barding Armor
40:58 Chain Barding Armor
40:02 Cavalier
DL-Empty
10:49 Loom
13:04 Feudal Age
16:46 Castle Age
14:45 Double-Bit Axe
15:16 Fishing Lines
16:03 Scale Barding Armor
17:18 Forging
18:22 Bow Saw
19:18 Gillnets
20:59 Bloodlines
VNS_Alibaba_
4:45 Loom
11:47 Feudal Age
12:32 Double-Bit Axe
12:40 Double-Bit Axe
23:21 Castle Age
22:07 Gold Mining
23:54 Forging
24:11 Medium Warships
24:24 Demolition Ship
29:28 Bow Saw
33:28 Wheelbarrow
32:39 Town Watch
33:49 Pikeman
34:30 Squires
34:31 Scale Mail Armor
37:50 Gold Shaft Mining
37:05 Stone Mining
38:37 Chain Mail Armor
42:49 Imperial Age
Connection lost

Rejoining the realm…

Still unreachable

The connection could not be restored.

Session expired

The server has moved on; the page needs a fresh start.